 Dungeon Crawl Stone Soup version 0.31-a0-145-g046c7d2549 (webtiles) character file.

Game seed: 17417917960505326224

65 mopl the Vexing (level 3, -1/20 HPs)
             Began as a Deep Elf Enchanter on June 6, 2023.
             Splashed by a jelly's acid (4 damage)
             ... on level 5 of the Dungeon.
             The game lasted 00:02:51 (1588 turns).

mopl the Vexing (Deep Elf Enchanter)                Turns: 1588, Time: 00:02:51

Health: -1/20      AC: -6    Str:  5    XL:     3   Next: 92%
Magic:  1/10       EV: 13    Int: 21    God:
Gold:   123        SH:  0    Dex: 27    Spells: 1/9 levels left

rFire   . . .        a - +1 dagger
rCold   . . .        (no shield)
rNeg    . . .        b - +0 robe
rPois   .            (no helmet)
rElec   .            r - scarf {repulsion}
rCorr   .            (no gloves)
SInv    .            (no boots)
Will    .....        (no amulet)
Stlth   +++          e - +6 ring of dexterity
HPRegen 0.23/turn    u - +6 ring of dexterity
MPRegen 0.12/turn

%: repel missiles
@: corroded
A: no striking features
a: no special abilities


You were on level 5 of the Dungeon.
You visited 1 branch of the dungeon, and saw 7 of its levels.

You collected 123 gold pieces.

Inventory:

Hand Weapons
 a - a +1 dagger (weapon)
Missiles
 h - 3 poisoned darts
Armour
 b - a +0 robe (worn)
 r - a scarf of repulsion (worn)
Jewellery
 e - a +6 ring of dexterity (left hand)
 k - a ring of poison resistance
 u - a +6 ring of dexterity (right hand)
Wands
 v - a wand of paralysis (9)
Scrolls
 d - 2 scrolls of identify {unknown}
 f - 2 scrolls of noise {unknown}
 g - a scroll of amnesia {unknown}
 i - a scroll of blinking {unknown}
 l - a scroll of enchant armour {unknown}
 n - a scroll of torment {unknown}
 o - a scroll of immolation {unknown}
 q - 2 scrolls of magic mapping {unknown}
 s - 2 scrolls of teleportation {unknown}
 x - a scroll of acquirement {unknown}
Potions
 c - 2 potions of invisibility
 j - a potion of enlightenment {unknown}
 m - a potion of mutation {unknown}
 p - 2 potions of curing {unknown}
 t - 2 potions of attraction {unknown}
 w - a potion of berserk rage {unknown}


   Skills:
 + Level 1.1 Fighting
 + Level 1.9 Short Blades
 - Level 2.4 Dodging
 + Level 4.2 Stealth
 + Level 3.6 Spellcasting
 + Level 4.6 Hexes


You had one spell level left.
You knew the following spells:

 Your Spells              Type           Power      Damage    Failure   Level
b - Ensorcelled Hibernat  Hex/Ice        26%        N/A       8%          2
c - Confusing Touch       Hex            23%        N/A       5%          3
d - Tukima's Dance        Hex            23%        N/A       5%          3

Your spell library contained the following spells:

 Spells                   Type           Power      Damage    Failure   Level
 Dazzling Flash           Conj/Hex       26%        N/A       14%         3
 Ozocubu's Armour         Ice            3%         N/A       36%         3
 Metabolic Englaciation   Hex/Ice        6%         N/A       80%         5
 Simulacrum               Ice/Necr       1%         N/A       100%        6


Dungeon Overview and Level Annotations

Branches:
Dungeon (7/15)
 Temple: D:4-7

Altars:
Nemelex Xobeh


Message History

The jelly resists with significant effort.
The jelly misses you.
You miscast Ensorcelled Hibernation.
You are very lightly contaminated with residual magic.
Nothing appears to happen.
The jelly misses you. The iguana misses you.
The jelly resists with significant effort.
The jelly hits you but does no damage. The iguana bites you.
The adder looks drowsy...
The jelly barely misses you. The iguana bites you.
You are too injured to fight recklessly!
The helpless adder fails to defend itself.
You impale the adder!!
You kill the adder!
The jelly attacks as you move away! The jelly barely misses you.
A gnoll sergeant comes into view. It is wielding a +0 spear.
Your magical contamination has completely faded away.
The jelly attacks as you move away! The jelly misses you.
Found an escape hatch in the floor.
Found a book of Frost.
The jelly attacks as you move away! The jelly closely misses you.
The jelly attacks as you move away! The jelly closely misses you.
There is an escape hatch in the ceiling here.
The jelly misses you. A mysterious force pulls you upwards.
The hatch slams shut behind you.
Casting: Ensorcelled Hibernation (safe; 8% risk of failure)
Confirm with . or Enter, or press ? or * to list all spells.
Aiming: Ensorcelled Hibernation (safe; 8% risk of failure)
Press: ? - help, Shift-Dir - straight line, f - jelly
Aim: a jelly (chance to affect: 55%)
The jelly resists with significant effort.
The jelly barely misses you. The jelly closely misses you.
Found a sparkling altar of Nemelex Xobeh.
Found 20 gold pieces.
The jelly attacks as you move away! The jelly hits you. The acid corrodes you!
You are splashed with acid!
* * * LOW HITPOINT WARNING * * *
The jelly attacks as you move away! The jelly hits you.
* * * LOW HITPOINT WARNING * * *
The acid corrodes you!
You are splashed with acid.
You die...

#. ##. .... #...
####
....#########..##
#.$≈≈≈≈≈..#..##
#.≈.J...≈.#...#
#.≈@§≈§.≈.#...#
#.≈≈...≈≈.#...#
#.≈≈._§≈≈.#...#
#.≈≈...§≈.#...#
#.≈.≈≈≈.≈.#...#
#.§§§..§≈.#...#
#.§≈≈≈≈≈..#....
.#########.###.


You could see a jelly.

Vanquished Creatures
  3 adders
  A worm (D:3)
  2 dart slugs (D:1)
  3 ball pythons
  2 endoplasms (D:1)
  A giant cockroach (D:2)
  2 goblins
  2 hobgoblins
  A kobold (D:7)
  2 quokkas
  5 bats
  3 frilled lizards (D:1)
  4 rats
31 creatures vanquished.

Notes
Turn   | Place    | Note
-------+----------+-------------------------------------------
     0 | D:1      | mopl the Deep Elf Enchanter began the quest for the Orb.
     0 | D:1      | Reached XP level 1. HP: 10/10 MP: 6/6
   168 | D:1      | Reached XP level 2. HP: 14/16 MP: 8/8
   171 | D:1      | Learned a level 2 spell: Ensorcelled Hibernation
   709 | D:2      | Identified the +2 mace "Laixoa" {heavy, rPois Str-4 Int+3}
   711 | D:2      | Reached skill level 4 in Stealth
  1155 | D:2      | Reached XP level 3. HP: 18/20 MP: 6/9
  1294 | D:3      | Learned a level 3 spell: Confusing Touch
  1298 | D:3      | Learned a level 3 spell: Tukima's Dance
  1336 | D:3      | Reached skill level 1 in Fighting
  1353 | D:4      | You fall into a shaft and drop 3 floors!
  1527 | D:7      | Noticed a scorpion
  1530 | D:7      | Noticed an ice beast
  1531 | D:7      | Noticed a kobold brigand
  1567 | D:6      | Noticed a gnoll sergeant
  1576 | D:5      | Entered Level 5 of the Dungeon
  1580 | D:5      | Found a sparkling altar of Nemelex Xobeh.
  1588 | D:5      | Splashed by a jelly's acid

Illustrated notes

Levels and vault maps discovered:
D:1:      co_arrival_square_in_a_square_in_a_square, layout_loops_ring,
          serial_glass, glass_columns_c, glass_columns_a, glass_columns_a,
          glass_columns_c, glass_columns_a, glass_columns_b, glass_columns_b,
          glass_columns_a, glass_columns_b, glass_columns_a,
          hangedman_decor_push
D:2:      layout_basic
D:3:      layout_loops_ring, chequers_ecumenical_altar_simple_redux,
          nicolae_figureground_sparkle
D:4:      layout_basic, eat_drink_and_be_merry_uskayaw, tgw_fedhas,
          minmay_ogre_servants
D:5:      layout_basic, mainiacjoe_overflow_catwalk, mainiacjoe_overflow_paths,
          minmay_quadrilaterals, uniq_blork_the_orc
D:6:      layout_basic, minmay_temple_entry_gardened_gates
D:7:      layout_loops_corners, serial_shops, shop, grunt_ministairs_12,
          uniq_crazy_yiuf_cottage

Skill      XL: |  1  2  3 |
---------------+----------+-----
Stealth        | 4 |  4.2
Fighting       | 1 |  1.1
Short Blades   | |  1.9
Dodging        | |  2.4
Spellcasting   | |  3.6
Hexes          | |  4.6

Action                     || total
---------------------------++-------
  Melee: Dagger            ||    58
  Throw: Dart              ||     1
   Cast: Ensorcelled Hiber ||    16
   Stab: Sleeping          ||    18
 Armour: Robe              ||    19
  Dodge: Dodged            ||    59

Table legend: (Time is in decaauts)
 A = Elapsed time spent in this place.
 B = Non-inter-level travel time spent in this place.
 C = Inter-level travel time spent in this place.
 D = Time resting spent in this place.
 E = Time spent auto-exploring this place.
 F = Levels seen in this place.
 G = Mean time per level.
                   A        B        C        D        E       F      G
               +--------+--------+--------+--------+--------+-----+--------+
         Total |   1580 |   1446 |    134 |     75 |   1061 |   7 |  225.7 |
       Dungeon |   1580 |   1446 |    134 |     75 |   1061 |   7 |  225.7 |
               +--------+--------+--------+--------+--------+-----+--------+

Top non-repeatable levels by time:
     D:1: 692 daAuts
     D:2: 585 daAuts
     D:7: 198 daAuts
     D:3: 67 daAuts
     D:6: 23 daAuts
     D:5: 11 daAuts
